 Dungeon Crawl Stone Soup version 0.21-a0-84-g85d6d27 (webtiles) character file.

48 Jacklodocus the Cudgeler (level 3, 0/31 HPs)
             Began as a Minotaur Berserker on July 6, 2017.
             Was a Follower of Trog.
             Succumbed to an adder's poison
             ... on level 1 of the Dungeon.
             The game lasted 00:01:54 (1034 turns).

Jacklodocus the Cudgeler (Minotaur Berserker)       Turns: 1034, Time: 00:01:55

Health: 0/31       AC:  5    Str: 22    XL:     3   Next: 50%
Magic:  2/2        EV: 11    Int:  4    God:    Trog [*.....]
Gold:   34         SH:  0    Dex:  9    Spells: 2/2 levels left

rFire    . . .     SeeInvis .   a - +0 mace
rCold    . . .     Gourm    .   (no shield)
rNeg     . . .     Faith    .   g - +0 ring mail
rPois    .         Spirit   .   (helmet restricted)
rElec    .         Reflect  .   (no cloak)
rCorr    .         Harm     .   (no gloves)
MR       .....                  (no boots)
Stlth    ..........             (no amulet)
HPRegen  0.10/turn              (no ring)
MPRegen  0.08/turn              (no ring)

@: lethally poisoned (0 -> -1)
A: retaliatory headbutt, horns 2
a: Berserk, Burn Spellbooks, Renounce Religion


You were on level 1 of the Dungeon.
You worshipped Trog.
Trog was aware of your devotion.
You were completely stuffed.

You visited 1 branch of the dungeon, and saw 2 of its levels.

You collected 34 gold pieces.

Inventory:

Hand Weapons
 a - a +0 mace (weapon)
Armour
 f - a +0 cloak
   (You found it on level 1 of the Dungeon)
 g - a +0 ring mail (worn)
   (You found it on level 1 of the Dungeon)
Scrolls
 b - a scroll of magic mapping {unknown}
 e - a scroll of blinking {unknown}
 h - a scroll of teleportation {unknown}
Comestibles
 d - a meat ration {@e2}
 i - 3 chunks of flesh {@w0}


   Skills:
 - Level 3.6 Fighting
 + Level 5.5 Maces & Flails
 - Level 2.4 Armour
 - Level 2.1 Dodging


You had 2 spell levels left.
You didn't know any spells.

Dungeon Overview and Level Annotations

Branches:
Dungeon (2/15)

Altars:


Innate Abilities, Weirdness & Mutations

You reflexively headbutt those who attack you in melee.
You have a pair of horns on your head.


Message History

There is an open door here.
The adder closely misses you.
You hit the adder. Your headbutt misses the adder. The adder barely misses you.
The adder closely misses you.
There is an open door here.
The adder bites you.
You are poisoned.
The adder poisons you!
There is a stone staircase leading up here.
You take 3 damage, and have 28/31 hp.
You hit the adder.
You feel sick.
You take 1 damage, and have 27/31 hp.
You hit the adder. Your headbutt misses the adder. The adder barely misses you.
The adder bites you.
You are more poisoned.
The adder poisons you!
You take 1 damage, and have 26/31 hp.
You miss the adder.
You feel sick. The adder barely misses you. x3
You furiously retaliate!
You headbutt the adder. The adder completely misses you.
You miss the adder. Your headbutt misses the adder.
You feel sick. The adder barely misses you. x2
You take 1 damage, and have 25/31 hp.
You hit the adder.
You feel sick. The adder bites you.
You are more poisoned.
The adder poisons you! The adder closely misses you. You furiously retaliate!
You headbutt the adder.
You kill the adder!
Trog accepts your kill. The adder bites you.
You take 6 damage, and have 19/31 hp.
You miss the adder.
You feel sick. The adder barely misses you.
You take 1 damage, and have 18/31 hp.
You closely miss the adder.
You feel sick. The adder bites you. The adder misses you.
You take 4 damage, and have 14/31 hp.
You closely miss the adder. Your headbutt misses the adder.
You feel sick. The adder bites you but does no damage.
You take 1 damage, and have 13/31 hp.
You hit the adder but do no damage.
You feel sick. The adder bites you. The adder closely misses you.
You take 3 damage, and have 10/31 hp.
You barely miss the adder. Your headbutt misses the adder.
* * * LOW HITPOINT WARNING * * *
You feel sick. The adder barely misses you.
You take 1 damage, and have 9/31 hp.
You sock the adder!
You kill the adder!
Trog accepts your kill.
* * * LOW HITPOINT WARNING * * *
You feel sick.
* * * LOW HITPOINT WARNING * * *
You feel sick.
You take 1 damage, and have 8/31 hp.
You aren't carrying any potions.
There is a lethal amount of poison in your body!
There is a lethal amount of poison in your body!
* * * LOW HITPOINT WARNING * * *
You feel sick.
There is a stone staircase leading up, spattered with blood here.
You take 1 damage, and have 7/31 hp.
You climb upwards.
* * * LOW HITPOINT WARNING * * *
You feel sick.
There is a stone staircase leading down here.
You take 1 damage, and have 6/31 hp.
* * * LOW HITPOINT WARNING * * *
You feel sick.
You take 1 damage, and have 5/31 hp.
* * * LOW HITPOINT WARNING * * *
You feel sick.
You take 1 damage, and have 4/31 hp.
* * * LOW HITPOINT WARNING * * *
You feel sick.
You take 1 damage, and have 3/31 hp.
There is a lethal amount of poison in your body!
There is a lethal amount of poison in your body!
There is a lethal amount of poison in your body!
There is a lethal amount of poison in your body!
You eat the bread ration {@e1}.
That bread ration really hit the spot!
There is a lethal amount of poison in your body!
There is a lethal amount of poison in your body!
You eat one of the 2 meat rations {@e2}.
That meat ration really hit the spot!
* * * LOW HITPOINT WARNING * * *
You feel sick.
You take 1 damage, and have 3/31 hp.
There is a lethal amount of poison in your body!
There is a lethal amount of poison in your body!
There is a lethal amount of poison in your body!
* * * LOW HITPOINT WARNING * * *
You feel sick.
You take 1 damage, and have 2/31 hp.
* * * LOW HITPOINT WARNING * * *
You feel sick.
You take 1 damage, and have 1/31 hp.
* * * LOW HITPOINT WARNING * * *
You feel sick.
You take 1 damage, and have 1/31 hp.
You die...

...#.# #........)..# #..#.#
...#.# #...........####..#.#
...#.#####.........##....#.#
≈..#......>........##.#.##.#
≈≈.####.##.........##.#....# ≈≈.#
#.##.........##.#.##### §≈.#
#.###........##.#.....# ≈≈.#
#.##.........##.#.#...##### ≈≈.#
#.##......@..##.#.#.......# ≈..#
#.##.....###.##.#.##.####.# ...##
#.##.....###..#...##....#.#
....###.##......###.###.#####.#.#
......#.##......# #..##.#####.#..
......#.##.....[# ##.##.......###
###.....##......## #.###..##...#.
# #.###....###...# #.# #..##.#.#.
###.# #....# ##..###.###..##.#...


There were no monsters in sight!

Vanquished Creatures
  2 adders (D:2)
  An ooze (D:1)
  A dart slug (D:1)
  A giant cockroach (D:1)
  3 hobgoblins (D:1)
  6 jackals (D:1)
  3 kobolds (D:1)
  A ball python (D:1)
  2 bats (D:1)
  2 goblins (D:1)
  2 rats (D:1)
24 creatures vanquished.

Notes
Turn   | Place    | Note
-------+----------+-------------------------------------------
     0 | D:1      | Jacklodocus the Minotaur Berserker began the quest for the Orb.
     0 | D:1      | Reached XP level 1. HP: 19/19 MP: 0/0
    46 | D:1      | Reached skill level 4 in Maces & Flails
   212 | D:1      | Reached XP level 2. HP: 23/26 MP: 1/1
   818 | D:1      | Reached skill level 5 in Maces & Flails
   856 | D:1      | Reached XP level 3. HP: 28/31 MP: 2/2
  1009 | D:2      | HP: 7/31 [poisoned by an adder]
  1014 | D:1      | HP: 4/31 [poisoned by an adder]
  1019 | D:1      | HP: 3/31 [poisoned by an adder]
  1026 | D:1      | HP: 1/31 [poisoned by an adder]
  1034 | D:1      | Succumbed to an adder's poison

Vault maps used:
D:1:      lemuel_arrival_lava_pool, hex_intersection
D:2:      xom_teletrap_fun, uniq_jessica

Skill      XL: |  1  2 |
---------------+-------+-----
Maces & Flails | 4 5 |  5.5
Fighting       | |  3.6
Armour         | |  2.4
Dodging        | |  2.1

Action                   || total
-------------------------++-------
Melee: Mace              ||    59
       Headbutt          ||     5
  Eat: Meat ration       ||     1
       Bread ration      ||     1
Armor: Animal skin       ||     4
       Ring mail         ||     6
Dodge: Dodged            ||    47

Vault maps used:
D:1:      lemuel_arrival_lava_pool, hex_intersection
D:2:      xom_teletrap_fun, uniq_jessica

Table legend:
 A = Turns spent in this place as a percentage of turns spent in the entire game.
 B = Non-inter-level travel turns spent in this place as a percentage of non-inter-level travel turns spent in the entire game.
 C = Inter-level travel turns spent in this place as a percentage of turns spent in this place.
 D = Turns resting spent in this place as a percentage of non-inter-level travel turns spent in this place.
 E = Turns spent auto-exploring this place as a percentage of non-inter-level travel turns spent in this place.
 F = Non-inter-level travel turns spent in this place divided by the number of levels of this place that you've seen.
                   A       B       C       D       E      F
               +-------+-------+-------+-------+-------+----------------------
         Total | 100.0 | 100.0 |   0.4 |   2.1 |   9.6 | 120.0
       Dungeon | 100.0 | 100.0 |   0.4 |   2.1 |   9.6 | 120.0
               +-------+-------+-------+-------+-------+----------------------

Table legend:
 A = Kills in this place as a percentage of kills in entire the game.
 B = Kills by you in this place as a percentage of kills by you in the entire game.
 C = Kills by friends in this place as a percentage of kills by friends in the entire game.
 D = Other kills in this place as a percentage of other kills in the entire game.
 E = Experience gained in this place as a percentage of experience gained in the entire game.
 F = Experience gained in this place divided by the number of levels of this place that you have seen.
                   A       B       C       D       E      F
               +-------+-------+-------+-------+-------+----------------------
         Total | 100.0 | 100.0 |  -nan |  -nan | 100.0 |  34.5
       Dungeon | 100.0 | 100.0 |  -nan |  -nan | 100.0 |  34.5
               +-------+-------+-------+-------+-------+----------------------
